 Dungeon Sprint DCSS version 0.22.1-1-ga44c0e56f4 (webtiles) character file.

1470 MuseOD the Impaler (level 8, -8/71 HPs)
             Began as a Merfolk Berserker on Oct 7, 2018.
             Was an Elder of Trog.
             Mangled by a polar bear (25 damage)
             ... in the Dungeon (Sprint II: "The Violet Keep of Menkaure").
             The game lasted 00:00:57 (467 turns).

MuseOD the Impaler (Merfolk Berserker)               Turns: 467, Time: 00:00:58

Health: -8/71      AC:  2    Str: 19    XL:     8   Next: 78%
Magic:  8/8        EV: 17    Int:  5    God:    Trog [****..]
Gold:   486        SH:  0    Dex: 13    Spells: 7/7 levels left

rFire    . . .     SeeInvis .   a - +0 spear
rCold    . . .     Gourm    .   (no shield)
rNeg     . . .     Faith    .   b - +0 animal skin
rPois    .         Spirit   .   (no helmet)
rElec    .         Reflect  .   (no cloak)
rCorr    .         Harm     .   (no gloves)
MR       .....     NoTele   +   (no boots)
Stlth    +.........             (no amulet)
HPRegen  0.21/turn              (no ring)
MPRegen  0.11/turn              (no ring)

@: berserk cooldown, slowed, very slow
A: change form in water, swift swim, stealthy swim, dopey 1, frail 1
a: Berserk, Trog's Hand, Brothers in Arms, Renounce Religion


You were in the Dungeon.
You worshipped Trog.
Trog was greatly pleased with you.
You were very hungry.

You visited 1 branch You collected 486 gold pieces.

Inventory:

Hand Weapons
 a - a +0 spear (weapon)
Armour
 b - a +0 animal skin (worn)
Scrolls
 i - a scroll of blinking
Potions
 d - a potion of curing
 e - a potion of heal wounds
 f - a potion of haste
 g - 2 potions of magic
 h - a potion of berserk rage
Comestibles
 c - a ration


   Skills:
 + Level 13.1 Fighting
 + Level 16.3 Polearms
 + Level 4.6 Armour
 + Level 9.1 Dodging


You had 7 spell levels left.
You didn't know any spells.
Your spell library was empty.

Dungeon Overview and Level Annotations

Branches:
Dungeon (1/1)

Altars:
Cheibriados
Dithmenos
Elyvilon
Fedhas
Gozag
Hepliaklqana
Kikubaaqudgha
Makhleb
Nemelex Xobeh
Qazlal
Ru
Sif Muna
Trog
Uskayaw
Wu Jian
Beogh
Jiyva
Lugonu

Shops:
D }%![:=%??

Annotations:
D exclusion: orange crystal statue


Innate Abilities, Weirdness & Mutations

You revert to your normal form in water.
You are very nimble and swift while swimming.
You are very stealthy in the water. (Stealth+)
You are dopey. (Int -2)
You are frail. (-10% HP)


Message History

You are exhausted.
You feel yourself slow down. The polar bear closely misses you.
The polar bear claws you. x2
You barely miss the polar bear.
The polar bear is almost dead.
You hit the polar bear but do no damage.
The polar bear is almost dead.
The polar bear goes berserk!
You hit the polar bear.
The polar bear is almost dead.
The polar bear bites you!
* * * LOW HITPOINT WARNING * * *
The polar bear completely misses you. The polar bear closely misses you.
You barely miss the polar bear.
The polar bear is almost dead.
The polar bear closely misses you. The polar bear barely misses you.
The polar bear claws you.
* * * LOW HITPOINT WARNING * * *
The polar bear bites you!!
You die...

#. +.### ...# ...####
#..## #..##$# # .##..#
+..#..# ##.w.#..#
#..#h)# .+#
+..####..##@#
##.w$#....###(..##▓▓ ##
.##§.....≈≈≈(≈≈≈≈≈≈≈
.####≈≈§....≈#+########
..#≈≈≈≈≈≈§§.≈#....._..#
###≈≈≈§≈≈≈§.≈#...._._.#
##≈≈≈≈≈≈≈≈≈≈≈#..._._._#
≈≈≈≈≈≈§§§≈≈≈≈#.._._._.#
+++#≈§≈≈§§≈§≈#._._._._#


You could see a polar bear (berserk).

Vanquished Creatures
  A yaktaur (D)
  A hornet (D)
  2 polar bears (D)
  4 neqoxecs (D)
  4 worker ants (D)
12 creatures vanquished.

Vanquished Creatures (others)
  A crocodile (D)
1 creature vanquished.

Grand Total: 13 creatures vanquished

Notes
Turn   | Place    | Note
-------+----------+-------------------------------------------
     0 | D        | MuseOD the Merfolk Berserker began the quest for the Orb.
     0 | D        | Reached XP level 1. HP: 18/18 MP: 1/1
     1 | D        | Noticed a tyrant leech
     1 | D        | Noticed a tyrant leech
     5 | D        | Noticed a neqoxec
     5 | D        | Noticed a neqoxec
     5 | D        | Noticed a neqoxec
     5 | D        | Noticed a neqoxec
    13 | D        | Gained mutation: You are frail. (-10% HP) [a neqoxec]
    14 | D        | Noticed a crimson imp
    15 | D        | Killed a neqoxec
    15 | D        | Reached skill level 9 in Polearms
    15 | D        | Reached skill level 5 in Dodging
    15 | D        | Reached XP level 2. HP: 19/27 MP: 2/2
    15 | D        | Reached XP level 3. HP: 23/32 MP: 3/3
    15 | D        | Reached XP level 4. HP: 28/38 MP: 4/4
    15 | D        | Reached XP level 5. HP: 31/43 MP: 5/5
    16 | D        | Gained mutation: You are dopey. (Int -2) [a neqoxec]
    20 | D        | Killed a neqoxec
    20 | D        | Reached skill level 11 in Polearms
    20 | D        | Reached XP level 6. HP: 38/52 MP: 6/6
    26 | D        | Killed a neqoxec
    26 | D        | Reached ** piety under Trog
    26 | D        | Reached skill level 10 in Fighting
    26 | D        | Reached skill level 12 in Polearms
    34 | D        | Killed a neqoxec
    34 | D        | Reached skill level 13 in Polearms
    34 | D        | Reached XP level 7. HP: 34/60 MP: 7/7
   215 | D        | Found Zofud's Food Shop.
   215 | D        | Found Gasmiss's Magic Scroll Shop.
   215 | D        | Found Tuoraud's Antique Armour Boutique.
   215 | D        | Found Dacut's Jewellery Boutique.
   215 | D        | Found Lunafrach's Magic Scroll Boutique.
   216 | D        | Found Nieptidgha's Distillery.
   217 | D        | Found Qoom's Book Shop.
   217 | D        | Found Pibiag's Food Boutique.
   217 | D        | Found Fihoo's Gadget Shop.
   232 | D        | Reached *** piety under Trog
   277 | D        | Noticed an orange crystal statue
   287 | D        | Found an opulent altar of Gozag.
   288 | D        | Found a blossoming altar of Fedhas.
   288 | D        | Found a sparkling altar of Nemelex Xobeh.
   289 | D        | Found a white marble altar of Elyvilon.
   289 | D        | Found a burning altar of Makhleb.
   290 | D        | Found a shadowy altar of Dithmenos.
   290 | D        | Found a corrupted altar of Lugonu.
   290 | D        | Found a hide-covered altar of Uskayaw.
   291 | D        | Found a snail-covered altar of Cheibriados.
   291 | D        | Found an ancient bone altar of Kikubaaqudgha.
   291 | D        | Found a bloodstained altar of Trog.
   292 | D        | Found a roughly hewn altar of Beogh.
   292 | D        | Found a viscous altar of Jiyva.
   292 | D        | Found a deep blue altar of Sif Muna.
   293 | D        | Found a hazy altar of Hepliaklqana.
   293 | D        | Found a sacrificial altar of Ru.
   323 | D        | Found a stormy altar of Qazlal.
   323 | D        | Found an ornate altar of the Wu Jian Council.
   421 | D        | Noticed a yaktaur
   421 | D        | Noticed a hornet
   421 | D        | Noticed a polar bear
   422 | D        | Noticed a polar bear
   431 | D        | Killed a polar bear
   431 | D        | Reached skill level 14 in Polearms
   442 | D        | Killed a polar bear
   442 | D        | Reached skill level 15 in Polearms
   442 | D        | Reached XP level 8. HP: 68/68 MP: 8/8
   449 | D        | Killed a hornet
   449 | D        | Reached **** piety under Trog
   455 | D        | Killed a yaktaur
   455 | D        | Reached skill level 16 in Polearms
   456 | D        | Noticed a polar bear
   467 | D        | Mangled by a polar bear

Skill      XL: |  1  2  3  4  5  6  7  8 |
---------------+-------------------------+-----
Fighting       | 7 9 10 12 13 | 13.1
Polearms       | 9 11 13 15 16 | 16.3
Armour         | 2 3 4 |  4.6
Dodging        | 5 6 7 8 9 |  9.1

Action                   |  1- 3 |  4- 6 |  7- 9 || total
-------------------------+-------+-------+-------++-------
Melee: Spear             |     8 |    19 |    61 ||    88
Invok: Berserk           |     1 |       |     2 ||     3
Armor: Animal skin       |       |       |     1 ||     1
Dodge: Dodged            |     1 |     3 |    21 ||    25
